 Dungeon Crawl Stone Soup version 0.31.0-1-g2c135a0 (webtiles) character file.

Game seed: 399002191015799520

27612 jagoly the Cleaver (level 13, -10/86 HPs)
             Began as a Gargoyle Monk on Jan 27, 2024.
             Was a High Priest of the Shining One.
             Mangled by a troll (12 damage)
             ... on level 1 of the Orcish Mines.
             The game lasted 02:03:30 (7990 turns).

jagoly the Cleaver (Gargoyle Monk)                  Turns: 7990, Time: 02:03:31

Health: -10/86     AC: 43    Str: 18    XL:     13   Next: 33%
Magic:  19/19      EV:  4    Int: 11    God:    the Shining One [*****.]
Gold:   211        SH:  0    Dex: 19    Spells: 12/12 levels left

rFire   . . .        a - +0 broad axe
rCold   . . .        d - orb {light}
rNeg    + + +        Q - +7 crystal plate armour
rPois   ∞            h - +0 helmet
rElec   +            R - +2 ratskin cloak {*Rats rPois rN+ Str-1 Int-1 Dex+1}
rCorr   .            (no gloves)
SInv    .            Z - +0 pair of boots
Will    .....        (no amulet) Stlth
                     l - +6 ring of dexterity
HPRegen 0.34/turn    M - ring of flight
MPRegen 0.16/turn

%: no passive effects
@: flying, glowing
A: sickness immunity, AC +9, negative energy resistance 1, electricity
resistance, torment resistance 1, petrification resistance
a: Renounce Religion, Divine Shield, Cleansing Flame, Summon Divine Warrior


You were on level 1 of the Orcish Mines.
You worshipped the Shining One.
The Shining One was extremely pleased with you.
You visited 3 branches of the dungeon, and saw 16 of its levels.
You also visited: Sewer and Bailey.

You collected 1491 gold pieces.
You spent 1280 gold pieces at shops.

Inventory:

Hand Weapons
 a - a +0 broad axe (weapon)
 b - a +2 flail of holy wrath
 e - a +1 trident of freezing
 j - a +0 sling
 w - a +4 short sword of venom
 T - a +0 broad axe
Missiles
 f - 37 poisoned darts
 s - 52 stones
 A - 14 boomerangs (quivered)
 C - 3 javelins
Armour
 d - an orb of light (worn)
 h - a +0 helmet (worn)
 i - a +1 leather armour of willpower
 y - a +2 leather armour of cold resistance
 J - a +0 troll leather armour
 Q - a +7 crystal plate armour (worn)
 R - the +2 ratskin cloak (worn) {*Rats rPois rN+ Str-1 Int-1 Dex+1}
   (You found it on level 8 of the Dungeon)

   *Rats:     When the wearer is hurt, rats may emerge from it to assist them.
   Str-1:     It affects your strength (-1).
   Int-1:     It affects your intelligence (-1).
   Dex+1:     It affects your dexterity (+1).
   rPois:     It protects you from poison rN+: It protects you from negative
   energy.
 Z - a +0 pair of boots (worn)
Jewellery
 l - a +6 ring of dexterity (left hand)
 M - a ring of flight (right hand)
Wands
 g - a wand of roots (12)
 u - a wand of paralysis (6)
 B - a wand of acid (4)
 G - a wand of digging (13)
 N - a wand of mindburst (8)
Scrolls
 k - 2 scrolls of teleportation
 n - 4 scrolls of fog
 D - 2 scrolls of immolation {unknown}
 I - a scroll of enchant weapon {unknown}
 K - a scroll of amnesia {unknown}
 O - 2 scrolls of poison {unknown}
 P - a scroll of summoning {unknown}
 U - a scroll of acquirement
 W - a scroll of silence {unknown}
 X - a scroll of revelation {unknown}
Potions
 c - 4 potions of lignification
 m - 3 potions of enlightenment
 o - 2 potions of attraction
 q - 3 potions of brilliance
 r - 2 potions of invisibility {unknown}
 t - a potion of magic {unknown}
 x - a potion of cancellation {unknown}
 z - a potion of degeneration {unknown}
 F - 3 potions of heal wounds {unknown}
 H - a potion of haste {unknown}
 L - 2 potions of mutation {unknown}
Miscellaneous
 V - a lightning rod (4/4)


   Skills:
 + Level 12.0 Fighting
 * Level 13.5 Axes
 - Level 2.0 Throwing
 + Level 10.1 Armour
 - Level 4.0 Dodging
 - Level 1.0 Stealth
 + Level 8.1 Invocations
 - Level 4.0 Evocations


You had 12 spell levels left.
You didn't know any spells.
Your spell library contained the following spells:

 Spells                   Type           Power      Damage    Failure   Level
 Static Discharge         Conj/Air       0%         3-3/arc   100%        2
 Fugue of the Fallen      Necr           0%         N/A       100%        3
 Ozocubu's Armour         Ice            0%         N/A       100%        3
 Airstrike                Air            0%         2d(0-16)  100%        4
 Manifold Assault         Tloc           0%         N/A       100%        4
 Summon Lightning Spire   Summ/Air       0%         N/A       100%        4
 Haunt                    Necr/Summ      0%         N/A       100%        7
 Borgnjor's Revivificati  Necr           0%         N/A       100%        8
 Death's Door             Necr           0%         N/A       100%        9


Dungeon Overview and Level Annotations

Branches:
Dungeon (13/15) Zot: 24849  Temple (1/1) D:4 Zot: 5969    Lair (0/5) D:11
    Orc (2/2) D:12 Zot: 10994   Sewer (visited)          Bailey (visited)
    Elf: Orc:2       Vaults: D:13-14

Altars:
Ashenzari
Cheibriados
Dithmenos
Elyvilon
Fedhas
Gozag
Hepliaklqana
Kikubaaqudgha
Makhleb
Nemelex Xobeh
Okawaru
Qazlal
Ru
Sif Muna
Trog
Uskayaw
Vehumet
Wu Jian
Xom
Yredelemnul
Zin
The Shining One

Shops:
D:9 =   D:10 :   Orc:1 ***

Annotations:
D:3 2 transporters
D:7 Jeremiah
D:12 Erolcha


Innate Abilities, Weirdness & Mutations

You are immune to sickness and miasma.
Your stone body is resilient. (AC +9)
You are immune to poison.
You resist negative energy. (rN+)
You are resistant to electric shocks. (rElec)
You are resistant to unholy torment.
You are immune to petrification.


Message History

An orc warrior comes into view. It is wielding a +0 hand axe.
The orc warrior shouts!
The orc barely misses you.
The orc warrior hits you with a +0 long sword.
You hit the orc warrior but do no damage.
You barely miss the orc. You hit the orc warrior.
The orc hits you but does no damage.
The orc warrior unwields a +0 orcbow.
The orc warrior wields a +0 battleaxe.
The orc warrior hits you but does no damage. x2
You hit the orc warrior.
The orc warrior is lightly wounded.
You hit the orc but do no damage. You barely miss the orc wizard.
You barely miss the orc warrior.
A warg comes into view.
The orc hits you but does no damage.
The orc wizard hits you but does no damage.
An orc comes into view.
It is wielding a +1 trident of protection.
The orc shouts!
You hit the orc wizard but do no damage.
You slash the orc warrior! x2; You slash the orc!
You kill the orc!
You hear a shout!
The orc warrior hits you but does no damage.
The orc wizard hits you but does no damage.
The orc warrior hits you but does no damage.
You hear a shout!
You slash the orc wizard!
The orc wizard is almost dead.
You slash the orc warrior! You hit the orc. You hit the orc warrior.
You hear a shout!
The orc warrior hits you but does no damage.
The orc wizard hits you but does no damage.
An orc comes into view. It is wielding a +0 flail.
The orc hits you but does no damage.
The orc warrior hits you but does no damage.
You slice the orc wizard!!
You kill the orc wizard!
You hit the orc warrior. x2; You slash the orc!
You kill the orc!
The orc warrior hits you but does no damage.
An orc warrior and an orc come into view.
The orc warrior shouts!
The orc shouts!
The orc warrior attacks as it pursues you!
The orc warrior hits you but does no damage.
The orc warrior shoots an arrow.
The arrow hits you but does no damage.
An orc warrior comes into view. It is wielding a +0 long sword.
The orc warrior hits you but does no damage.
Things that are here:
a +2 dagger of venom; a +0 robe The orc warrior shoots an arrow.
The arrow barely misses you.
The orc warrior unwields a +0 battleaxe.
The orc warrior wields a +0 orcbow.
The orc warrior shoots an arrow.
The arrow hits you but does no damage.
Found 19 gold pieces.
The orc warrior attacks as it pursues you!
The orc warrior barely misses you.
The orc warrior shoots an arrow.
The arrow hits you but does no damage.
There is an escape hatch in the ceiling here.
You hit the orc warrior.
The orc warrior is almost dead.
You hit the warg. The warg bites you!
A river rat scurries out from under your cloak.
The orc warrior shoots an arrow.
The arrow barely misses you.
The orc warrior hits you but does no damage.
The orc warrior shoots an arrow.
The arrow hits you.
You slash the orc warrior!
You kill the orc warrior!
You hit the warg but do no damage. The warg completely misses you.
The orc warrior shoots an arrow.
The arrow hits you but does no damage.
The orc warrior shoots an arrow.
The arrow hits you but does no damage. The warg bites you but does no damage.
You hear a shout!
You slice the warg!!
The warg is severely wounded.
You slash the orc warrior!
An orc warrior comes into view. It is wielding a +0 mace.
The orc warrior shoots an arrow.
The arrow closely misses you. The warg completely misses you.
The orc warrior hits you but does no damage.
The orc warrior shoots an arrow.
The arrow hits you!
You slash the warg!
You kill the warg!
You barely miss the orc warrior.
The orc warrior shoots an arrow.
The arrow hits your river rat!
Your river rat dies!
The orc warrior hits you but does no damage.
You hit the orc warrior.
The orc warrior is severely wounded.
You barely miss the orc warrior.
The orc warrior shoots an arrow.
The arrow hits you but does no damage.
The orc warrior hits you but does no damage.
The orc warrior unwields a +0 orcbow.
The orc warrior wields a +0 battleaxe.
The orc warrior barely misses you.
You slash the orc warrior!
You kill the orc warrior!
You slash the orc warrior!
The orc warrior shoots an arrow.
The arrow hits you but does no damage. The orc warrior barely misses you.
You hit the orc warrior.
You kill the orc warrior!
You hit the orc. The orc hits you but does no damage.
You hit the orc.
The orc is almost dead.
An orc warrior comes into view. It is wielding a +0 flail.
You slice the orc!!
You kill the orc!
The orc hits you but does no damage.
You slice the orc warrior!!
The orc warrior is severely wounded.
You barely miss the orc warrior.
The orc warrior hits you but does no damage.
The orc hits you but does no damage.
The orc warrior hits you but does no damage.
You hit the orc warrior but do no damage.
The orc warrior is severely wounded.
You hit the orc but do no damage. You barely miss the orc warrior.
The orc hits you but does no damage.
The orc warrior hits you but does no damage.
The orc hits you but does no damage.
The orc warrior hits you but does no damage.
An orc knight comes into view. It is wielding a +0 arbalest.
You barely miss the orc warrior.
The orc warrior is severely wounded.
The orc knight shouts!
You hit the orc warrior but do no damage.
You hit the orc warrior. You barely miss the orc.
You hear a shout!
The orc hits you but does no damage.
The orc warrior hits you but does no damage. x2
The orc hits you but does no damage.
The orc warrior unwields a +0 orcbow.
The orc warrior wields a +0 broad axe.
The orc warrior hits you but does no damage.
You hit the orc warrior.
The orc warrior is severely wounded.
You hit the orc warrior. You hit the orc. You barely miss the orc warrior.
You hit the orc warrior but do no damage.
The orc warrior is severely wounded.
You hit the orc warrior but do no damage.
You hit the orc warrior. You slash the orc!
You kill the orc!
The orc hits you but does no damage.
The orc warrior hits you but does no damage. x2
You hit the orc warrior but do no damage.
The orc warrior is severely wounded.
You hit the orc warrior but do no damage.
You barely miss the orc warrior.
The orc hits you from afar with a +1 trident of protection.
The orc warrior hits you but does no damage. x2
You barely miss the orc warrior.
The orc warrior is severely wounded.
You hit the orc warrior. x2; You closely miss the orc warrior.
The orc warrior hits you but does no damage.
The orc hits you but does no damage.
The orc warrior hits you but does no damage.
The orc knight shoots a bolt.
The bolt hits you but does no damage.
The orc warrior hits you but does no damage. x2
You hit the orc warrior but do no damage.
The orc warrior is severely wounded.
You closely miss the orc warrior.
You hit the orc warrior but do no damage.
You hit the orc warrior. The orc barely misses you.
The orc warrior hits you with a +0 flail.
The orc warrior hits you but does no damage.
The orc warrior barely misses you.
The orc knight shoots a bolt.
The bolt hits you. The orc warrior closely misses you.
You hit the orc warrior but do no damage.
The orc warrior is severely wounded.
You barely miss the orc warrior.
You hit the orc warrior but do no damage.
You slash the orc warrior!
The orc warrior hits you but does no damage.
The orc knight shoots a bolt.
The bolt hits you but does no damage.
The orc warrior hits you but does no damage.
The orc hits you but does no damage.
The orc warrior hits you but does no damage. x2
You completely miss the orc warrior.
The orc warrior is severely wounded.
You hit the orc warrior but do no damage.
You hit the orc warrior. You barely miss the orc warrior.
The orc warrior hits you with a +0 long sword.
The orc warrior hits you with a +0 flail.
The orc barely misses you.
The orc knight roars a battlecry!
The orcs go into a battle-frenzy!
The orc warrior hits you but does no damage. x2
You hear a shout!
You barely miss the orc warrior.
The orc warrior is severely wounded.
You hit the orc warrior.
You hit the orc warrior but do no damage. x2
The orc warrior hits you with a +0 flail!!
* * * LOW HITPOINT WARNING * * *
The orc warrior hits you but does no damage.
The orc barely misses you.
The orc warrior hits you but does no damage.
The orc warrior hits you with a +0 broad axe!
* * * LOW HITPOINT WARNING * * *
Okay, then.
Unknown command.
Press: ? - help, v - describe, . - travel
Here: an orc warrior, wielding a +0 broad axe (severely wounded, strong, haloed)
The floor, spattered with blood.
Blink to where?
Press: ? - help, Dir - move target
As you read the scroll of blinking, it crumbles to dust.
You see here a +0 mace.
There is a stone staircase leading up here.
Throw: 52 stones
Press: ? - help, Q - select action, (/) - cycle Shift-Dir - straight line, f - orc warrior
Aim: an orc warrior, wielding a +0 mace and wearing a +0 chain mail (lightly wounded, strong, haloed, 79% to hit)
Okay, then.
Throw: 14 boomerangs
Press: ? - help, Q - select action, (/) - cycle Shift-Dir - straight line, f - orc warrior
Aim: an orc warrior, wielding a +0 long sword and wearing a +0 plate armour (severely wounded, strong, haloed, 82% to hit)
You throw a boomerang.
The boomerang hits the orc warrior but does no damage.
The orc warrior is severely wounded.
Throw: 14 boomerangs
Press: ? - help, Q - select action, (/) - cycle Shift-Dir - straight line, f/p - orc warrior
Aim: an orc warrior, wielding a +0 long sword and wearing a +0 plate armour (severely wounded, strong, haloed, 82% to hit)
You throw a boomerang.
The boomerang hits the orc warrior but does no damage.
The orc warrior is severely wounded.
Throw: 14 boomerangs
Press: ? - help, Q - select action, (/) - cycle Shift-Dir - straight line, f/p - orc warrior
Aim: an orc warrior, wielding a +0 long sword and wearing a +0 plate armour (severely wounded, strong, haloed, 82% to hit)
You throw a boomerang.
The boomerang hits the orc warrior but does no damage.
The orc warrior is severely wounded.
Press: ? - help, v - describe, . - travel
Here: an orc warrior, wielding a +0 long sword and wearing a +0 plate armour (severely wounded, strong, haloed)
The floor.
Unknown command.
Throw: 14 boomerangs
Press: ? - help, Q - select action, (/) - cycle Shift-Dir - straight line, f/p - orc warrior
Aim: an orc warrior, wielding a +0 long sword and wearing a +0 plate armour (severely wounded, strong, haloed, 82% to hit)
You throw a boomerang.
The boomerang hits the orc warrior but does no damage.
The orc warrior is severely wounded.
The orc warrior hits you with a +0 mace!
* * * LOW HITPOINT WARNING * * *
The orc warrior hits you but does no damage.
You fly upwards.
There is a stone staircase leading down here.
Okay, then.
Aiming: Fastroot
Press: ? - help, Shift-Dir - straight line, f - you The roots erupt in riotous growth!
Roots grab the orc warrior. x2
The grasping roots constrict the orc warrior. x2
The orc warrior hits you with a +0 long sword.
* * * LOW HITPOINT WARNING * * *
The orc warrior hits you but does no damage.
Press: ? - help, v - describe, . - travel A stone staircase leading down.
This square is lit by a halo.
The grasping roots constrict the orc warrior, but do no damage.
The grasping roots constrict the orc warrior.
You kill the orc warrior!
The orc warrior struggles to escape constriction.
Unknown command.
The grasping roots constrict the orc warrior!
The roots release their grip on the orc warrior.
The orc warrior no longer looks unusually strong.
The orc warrior sings a few bars from the Orcish anthem.
Throw: 37 darts (poison)
Press: ? - help, Shift-Dir - straight line, f - orc warrior
Aim: an orc warrior, wielding a +0 mace and wearing a +0 chain mail (moderately wounded, haloed, 79% to hit)
You throw a poisoned dart.
The poisoned dart barely misses the orc warrior.
Cleave: a) +0 broad axe
Press: ? - help, Dir - move target, f/p - orc warrior
Aim: an orc warrior, wielding a +0 mace and wearing a +0 chain mail (moderately wounded, haloed, about 20% to evade your +0 broad axe)
You hit the orc warrior.
The orc warrior is heavily wounded.
Cleave: a) +0 broad axe
Press: ? - help, Dir - move target, f/p - orc warrior
Aim: an orc warrior, wielding a +0 mace and wearing a +0 chain mail (heavily wounded, haloed, about 20% to evade your +0 broad axe)
You hit the orc warrior.
The orc warrior is severely wounded.
The orc warrior hits you but does no damage.
Cleave: a) +0 broad axe
Press: ? - help, Dir - move target, f/p - orc warrior
Aim: an orc warrior, wielding a +0 mace and wearing a +0 chain mail (severely wounded, haloed, about 20% to evade your +0 broad axe)
You slice the orc warrior!!
You kill the orc warrior!
Things that are here:
a +0 mace; a +0 chain mail
f - 37 poisoned darts (gained 1)
Things that are here:
a +0 mace; a +0 chain mail You now have 182 gold pieces (gained 10).
Things that are here:
a +0 long sword; a +0 plate armour
There is a stone staircase leading down here.
There is a stone staircase leading down here.
You fly downwards.
The kobold blastminer shouts!
The orc warrior shouts! x2; The orc shouts!
The centaur shouts!
The orc sorcerer shouts!
You hear a shout! x5
The centaur wields a +0 shortbow.
The centaur shoots an arrow.
The arrow hits you but does no damage.
The kobold blastminer shoots a bolt.
The bolt hits you but does no damage.
A troll comes into view.
You hear a shout!
An orc warrior comes into view. It is wielding a +0 flail.
There is a stone staircase leading up here.
The orc warrior shouts!
The orc shoots an arrow.
The arrow hits you but does no damage.
The centaur unwields a +0 shortbow.
The centaur hits you but does no damage.
The centaur kicks you but does no damage.
You hear a shout!
You fly upwards.
There is a stone staircase leading down here.
Cleave: a) +0 broad axe
Press: ? - help, Dir - move target, f - centaur
Aim: a centaur (haloed, about 9% to evade your +0 broad axe)
You completely miss the centaur.
The centaur hits you but does no damage.
The centaur kicks you but does no damage.
Cleave: a) +0 broad axe
Press: ? - help, Dir - move target, f/p - centaur
Aim: a centaur (haloed, about 9% to evade your +0 broad axe)
You slice the centaur!!
The centaur is almost dead.
The centaur barely misses you.
The centaur kicks you but does no damage.
The centaur hits you but does no damage.
The centaur kicks you but does no damage.
Cleave: a) +0 broad axe
Press: ? - help, Dir - move target, f/p - centaur
Aim: a centaur (almost dead, haloed, about 9% to evade your +0 broad axe)
You slash the centaur!
You kill the centaur!
You fly downwards.
The orc sorcerer shouts!
You hear a shout!
The orc warrior hits you but does no damage.
The orc sorcerer points at you and mumbles some strange words.
The bolt of fire hits you but does no damage.
An orc warrior comes into view. It is wielding a +0 orcbow.
The orc sorcerer mumbles some strange words.
The orc warrior hits you but does no damage.
The orc shoots an arrow.
The arrow hits you but does no damage.
There is a stone staircase leading up here.
The orc sorcerer hits you but does no damage.
The orc warrior hits you but does no damage. x2
The orc shoots an arrow.
The arrow hits you but does no damage.
The orc warrior shoots an arrow.
The arrow hits you.
* * * LOW HITPOINT WARNING * * *
You hear a shout! x4
You fly upwards.
There is a stone staircase leading down here.
Cleave: a) +0 broad axe
Press: ? - help, Dir - move target, f - orc sorcerer
Aim: an orc sorcerer, wielding a +0 dagger and wearing a +2 robe (haloed, about 23% to evade your +0 broad axe)
You slice the orc sorcerer!!
The orc sorcerer is heavily wounded.
You barely miss the orc warrior.
You hit the orc warrior but do no damage.
The orc sorcerer hits you but does no damage.
The orc warrior barely misses you.
The orc warrior hits you but does no damage.
Cleave: a) +0 broad axe
Press: ? - help, Dir - move target, f/p - orc sorcerer
Aim: an orc sorcerer, wielding a +0 dagger and wearing a +2 robe (heavily wounded, haloed, about 23% to evade your +0 broad axe)
You completely miss the orc sorcerer.
The orc sorcerer is heavily wounded.
You barely miss the orc warrior. x2
The orc sorcerer hits you but does no damage.
The orc warrior hits you but does no damage. x2
Cleave: a) +0 broad axe
Press: ? - help, Dir - move target, f/p - orc sorcerer
Aim: an orc sorcerer, wielding a +0 dagger and wearing a +2 robe (heavily wounded, haloed, about 23% to evade your +0 broad axe)
You hit the orc sorcerer but do no damage.
The orc sorcerer is heavily wounded.
You hit the orc warrior. x2
The orc sorcerer mumbles some strange words.
Cleave: a) +0 broad axe
Press: ? - help, Dir - move target, f/p - orc sorcerer
Aim: an orc sorcerer, wielding a +0 dagger and wearing a +2 robe (heavily wounded, haloed, about 23% to evade your +0 broad axe)
You barely miss the orc sorcerer.
The orc sorcerer is heavily wounded.
You hit the orc warrior.
You hit the orc warrior but do no damage.
The orc warrior hits you but does no damage. x2
Cleave: a) +0 broad axe
Press: ? - help, Dir - move target, f/p - orc sorcerer
Aim: an orc sorcerer, wielding a +0 dagger and wearing a +2 robe (heavily wounded, haloed, about 23% to evade your +0 broad axe)
You slash the orc sorcerer!
The orc sorcerer is almost dead.
You hit the orc warrior. You slash the orc warrior!
The orc sorcerer casts a spell.
The orc warrior hits you but does no damage. x2
Cleave: a) +0 broad axe
Press: ? - help, Dir - move target, f/p - orc sorcerer
Aim: an orc sorcerer, wielding a +0 dagger and wearing a +2 robe (almost dead, haloed, about 23% to evade your +0 broad axe)
You completely miss the orc sorcerer.
The orc sorcerer is almost dead.
You hit the orc warrior but do no damage.
You slash the orc warrior!
The orc sorcerer hits you but does no damage.
The orc warrior hits you but does no damage. x2
Cleave: a) +0 broad axe
Press: ? - help, Dir - move target, f/p - orc sorcerer
Aim: an orc sorcerer, wielding a +0 dagger and wearing a +2 robe (almost dead, haloed, about 23% to evade your +0 broad axe)
You slash the orc sorcerer!
You kill the orc sorcerer!
The Shining One accepts your kill.
You feel better.
The rust devil disappears in a puff of smoke!
The smoke demon disappears in a puff of smoke!
You slash the orc warrior! x2
The orc warrior hits you but does no damage. x2
Cleave: a) +0 broad axe
Press: ? - help, Dir - move target, f - orc warrior
Aim: an orc warrior, wielding a +0 short sword and wearing a +0 chain mail (severely wounded, haloed, about 20% to evade your +0 broad axe)
You slash the orc warrior!
You kill the orc warrior!
You hit the orc warrior.
You kill the orc warrior!
You now have 211 gold pieces (gained 29).
Items here: )) [ †.
Press: ? - help, v - describe, . - travel, g - get item
Items here: a +0 short sword; a +0 chain mail.
The floor.
This square is lit by a halo.
There is a stone staircase leading down here.
Things that are here:
a +0 short sword; a +0 chain mail Unknown command.
Things that are here:
a +2 flail of holy wrath; a +0 chain mail
There is a stone staircase leading down here.
You fly downwards.
A centaur comes into view.
The troll bites you but does no damage.
The troll claws you but does no damage. x2
The orc warrior shoots an arrow.
The arrow hits you.
The orc shoots an arrow.
The arrow barely misses you.
An orc comes into view. It is wielding a +0 dagger.
The kobold blastminer blasts its cannon at you.
The iron shot hits you!!
* * * LOW HITPOINT WARNING * * *
The kobold blastminer is knocked back by the blast.
The centaur moves out of view.
You hear a shout! x2
There is a stone staircase leading up here.
The troll bites you but does no damage.
The troll claws you but does no damage. x2
The orc warrior shoots an arrow.
The arrow hits you but does no damage.
The orc warrior hits you but does no damage.
The orc sorcerer mumbles some strange words.
You hear a shout! x2
You fly upwards.
There is a stone staircase leading down here.
Cleave: a) +0 broad axe
Press: ? - help, Dir - move target, f - troll
Aim: a troll (haloed, about 17% to evade your +0 broad axe)
You slash the troll!
The troll is lightly wounded.
You hit the orc warrior.
The orc warrior hits you but does no damage.
The troll bites you!
* * * LOW HITPOINT WARNING * * *
The troll claws you but does no damage. The troll claws you.
* * * LOW HITPOINT WARNING * * *
A river rat scurries out from under your cloak.
Cleave: a) +0 broad axe
Press: ? - help, Dir - move target, f/p - troll
Aim: a troll (lightly wounded, ally target, haloed, about 17% to evade your +0 broad axe)
You hit the troll but do no damage.
The troll is lightly wounded.
You hit the orc warrior but do no damage.
The orc warrior hits you but does no damage.
The troll bites you but does no damage.
The troll claws you but does no damage. x2
Cleave: a) +0 broad axe
Press: ? - help, Dir - move target, f/p - troll
Aim: a troll (lightly wounded, ally target, haloed, about 17% to evade your +0 broad axe)
You slash the troll!
The troll is heavily wounded.
You hit the orc warrior. The troll bites you!
* * * LOW HITPOINT WARNING * * *
The troll claws you but does no damage. x2
The orc warrior hits you but does no damage.
Cleave: a) +0 broad axe
Press: ? - help, Dir - move target, f/p - troll
Aim: a troll (heavily wounded, ally target, haloed, about 17% to evade your +0 broad axe)
You hit the troll but do no damage.
The troll is heavily wounded.
You hit the orc warrior.
Your river rat bites the troll but does no damage.
The troll bites you but does no damage. The troll claws you but does no damage.
The troll claws you.
* * * LOW HITPOINT WARNING * * *
The orc warrior hits you but does no damage.
Cleave: a) +0 broad axe
Press: ? - help, Dir - move target, f/p - troll
Aim: a troll (moderately wounded, ally target, haloed, about 17% to evade your +0 broad axe)
You hit the troll.
The troll is heavily wounded.
You completely miss the orc warrior.
Your river rat barely misses the troll.
The troll bites you!
You die...

#.....#...##...##
#....###........##
##...##..........####
##..............##.##
##..)......#.......#
##.[.)...#.#.#.....##
#..[)[[.......##..#.##
##.....rT......#......#
#......<@o.....##..#.##
#.......[[.#....#...##
##..........#..##...#
##.........##.####..#
#......#....^..# #....#
##.....##..##.##
##....# #.....##.### #
###.## ##.#......# ##
#...#....##


You could see a troll (ally target), an orc warrior and a friendly river rat.

Vanquished Creatures
  2 boulder beetles
  5 two-headed ogres
  An orc high priest (Bailey)
  A deep elf pyromancer (D:12)
  An orc sorcerer (Orc:1)
  2 manticores
  A cyclops (Orc:1)
  Maurice (D:7)
  5 centaur zombies (D:11)
  A kobold demonologist (Bailey)
  3 unseen horrors
  5 trolls
  Prince Ribbit (D:5)
  A meliai zombie (D:11)
  A slime creature (D:10)
  5 vampires (D:11)
  3 shadows (D:11)
  4 wraiths
  16 yaks
  A fire elemental (Orc:1)
  A warg (Orc:2)
  9 vampire mosquitoes
  Menkaure (D:4)
  Edmund (D:6)
  3 acid dragons
  Duvessa (D:6)
  A water moccasin (D:8)
  Pargi (Sewer)
  A black bear (D:8)
  20 orc warriors
  4 ogres
  4 wolves (D:11)
  4 centaurs
  5 kobold brigands
  3 phantoms
  Blork the orc (D:6)
  A brain worm (Sewer)
  2 bullfrogs
  3 gnoll sergeants
  3 scorpions
  Dowan (D:6)
  13 killer bees
  4 electric eels
  A howler monkey (D:11)
  2 bombardier beetles
  4 jellies
  9 orc priests
  3 hounds
  3 iguanas
  A gnoll bouda (D:8)
  8 hell rats (D:8)
  A sleepcap (D:5)
  Natasha (D:4)
  11 orc wizards
  22 gnolls
  10 adders
  17 river rats
  A white imp (D:6)
  2 dart slugs
  3 ribbon worms
  38 orcs
  3 giant cockroaches
  14 goblins
  9 hobgoblins
  12 jackals
  23 kobolds
  5 quokkas
  4 ball pythons
  4 frilled lizards
  5 rats
363 creatures vanquished.

Vanquished Creatures (collateral kills)
  The ghost of brinewave the Cleaver, a journeyman MiFi of Vehumet (Orc:1)
  Fannar (Orc:1)
  An orc sorcerer (Orc:1)
  A cyclops (D:9)
  2 kobold blastminers (Orc:1)
  A warg (Orc:2)
  An orc warrior (Orc:1)
  2 ogres (Orc:1)
  4 centaurs (Orc:2)
  2 electric eels (Bailey)
  An orc wizard (Orc:1)
  An orc (Orc:1)
18 creatures vanquished.

Vanquished Creatures (others)
  An orc (Orc:1)
  A hobgoblin (Bailey)
2 creatures vanquished.

Grand Total: 383 creatures vanquished

Notes
Turn   | Place    | Note
-------+----------+-------------------------------------------
     0 | D:1      | jagoly the Gargoyle Monk began the quest for the Orb.
     0 | D:1      | Reached XP level 1. HP: 14/14 MP: 1/1
   126 | D:1      | Reached XP level 2. HP: 19/19 MP: 2/2
   157 | D:2      | Reached skill level 3 in Axes
   173 | D:2      | Reached skill level 1 in Stealth
   199 | D:3      | Found a transporter.
   212 | D:3      | Found a transporter.
   297 | D:4      | Reached skill level 1 in Armour
   297 | D:4      | Reached XP level 3. HP: 23/23 MP: 3/3
   300 | D:4      | Noticed Natasha
   310 | D:4      | Killed Natasha
   334 | D:4      | Reached XP level 4. HP: 24/29 MP: 4/4
   339 | D:4      | Found a staircase to the Ecumenical Temple.
   346 | Temple   | Entered the Ecumenical Temple
   361 | Temple   | Became a worshipper of the Shining One
   361 | Temple   | Reached * piety under the Shining One
   361 | Temple   | Reached ** piety under the Shining One
   390 | D:5      | Entered Level 5 of the Dungeon
   448 | D:5      | Found a glowing silver altar of Zin.
   513 | D:5      | Reached skill level 4 in Axes
   513 | D:5      | Reached XP level 5. HP: 26/33 MP: 5/5
   526 | D:5      | Found a shadowy altar of Dithmenos.
   563 | D:5      | Noticed Prince Ribbit
   569 | D:5      | Reached XP level 6. HP: 28/39 MP: 6/6
   575 | D:5      | Killed Prince Ribbit
   576 | D:5      | Reached skill level 5 in Fighting
   576 | D:5      | Reached skill level 5 in Axes
   576 | D:5      | Reached XP level 7. HP: 12/44 MP: 7/7
   744 | D:5      | Found a stormy altar of Qazlal.
   762 | D:6      | Noticed Blork the orc
   807 | D:5      | Found a glowing drain.
   880 | Sewer    | Entered a sewer
   958 | Sewer    | Noticed Pargi
   983 | Sewer    | Killed Pargi
  1287 | D:6      | Reached skill level 6 in Axes
  1344 | D:5      | Reached XP level 8. HP: 32/51 MP: 5/8
  1435 | D:6      | The Shining One protects you from harm!
  1489 | D:3      | Found a blossoming altar of Fedhas.
  2076 | D:4      | Noticed Menkaure
  2093 | D:4      | Killed Menkaure
  2094 | D:4      | Reached skill level 7 in Axes
  2094 | D:4      | Reached skill level 5 in Armour
  2197 | D:6      | Killed Blork the orc
  2246 | D:6      | Noticed Edmund
  2258 | D:6      | Killed Edmund
  2367 | D:6      | Noticed Duvessa
  2367 | D:6      | Noticed Dowan
  2393 | D:6      | Killed Duvessa
  2394 | D:6      | Reached XP level 9. HP: 51/57 MP: 9/9
  2400 | D:6      | Killed Dowan
  2466 | D:6      | Found an ancient bone altar of Kikubaaqudgha.
  2527 | D:7      | Reached skill level 8 in Axes
  2555 | D:7      | Found a bloodstained altar of Trog.
  2577 | D:7      | Noticed Maurice
  2587 | D:7      | Maurice stole a ring of flight
  2588 | D:7      | Maurice stole a +2 flail of holy wrath
  2595 | D:7      | Maurice stole 252 gold
  2610 | D:7      | Killed Maurice
  2687 | D:7      | Reached *** piety under the Shining One
  2753 | D:7      | Noticed Jeremiah
  2973 | D:8      | Reached skill level 9 in Axes
  3198 | D:8      | Reached skill level 1 in Evocations
  3205 | D:8      | Reached XP level 10. HP: 60/64 MP: 10/10
  3221 | D:8      | Reached **** piety under the Shining One
  3257 | D:8      | Found the +2 ratskin cloak {*Rats rPois rN+ Str-1 Int-1
                  | Dex+1}
  3362 | D:8      | Noticed a two-headed ogre
  3391 | D:8      | Killed a two-headed ogre
  3392 | D:8      | Reached skill level 1 in Throwing
  3765 | D:9      | Noticed a two-headed ogre
  3808 | D:9      | Killed a two-headed ogre
  3809 | D:9      | Reached skill level 10 in Axes
  3947 | D:9      | Found Fulaott's Jewellery Emporium.
  3962 | D:10     | Entered Level 10 of the Dungeon
  4067 | D:9      | Noticed a cyclops
  4218 | D:10     | Reached XP level 11. HP: 43/71 MP: 11/11
  4252 | D:10     | You fall into a shaft and drop 3 floors!
  4260 | D:12     | Noticed a two-headed ogre
  4286 | D:10     | Noticed a red ugly thing
  4286 | D:10     | Noticed a white ugly thing
  4308 | D:10     | Found a flagged portal.
  4353 | Bailey   | Entered a bailey
  4382 | Bailey   | Reached skill level 11 in Axes
  4715 | Bailey   | Found an iron altar of Okawaru.
  4715 | Bailey   | Noticed an orc high priest
  4738 | Bailey   | The Shining One protects you from harm!
  4833 | Bailey   | Killed an orc high priest
  4834 | Bailey   | Reached skill level 10 in Fighting
  4958 | D:10     | Reached ***** piety under the Shining One
  5463 | D:10     | Found an ornate altar of the Wu Jian Council.
  5577 | D:9      | Killed a cyclops
  5814 | D:10     | Noticed a manticore
  5825 | D:10     | Killed a manticore
  5850 | D:10     | Found Sago's Book Shoppe.
  5930 | D:11     | Reached skill level 12 in Axes
  5949 | D:11     | Found a staircase to the Lair.
  6005 | D:11     | Reached XP level 12. HP: 62/79 MP: 12/12
  6090 | D:11     | Noticed a boulder beetle
  6114 | D:11     | Reached skill level 1 in Invocations
  6122 | D:11     | Killed a boulder beetle
  6203 | D:12     | Noticed a two-headed ogre
  6224 | D:12     | Killed a two-headed ogre
  6250 | D:12     | Noticed Erolcha
  6538 | D:12     | Killed a two-headed ogre
  6570 | D:12     | Reached skill level 10 in Armour
  6622 | D:12     | Noticed a boulder beetle
  6635 | D:12     | Killed a boulder beetle
  6636 | D:12     | Reached skill level 5 in Invocations
  6851 | D:12     | Noticed a two-headed ogre
  6876 | D:12     | Killed a two-headed ogre
  6977 | D:12     | Found a staircase to the Orcish Mines.
  6982 | Orc:1    | Entered Level 1 of the Orcish Mines
  6982 | Orc:1    | Reached ****** piety under the Shining One
  6995 | Orc:1    | Paralysed by an orc sorcerer for 3 turns
  7004 | Orc:1    | Paralysed by an orc sorcerer for 2 turns
  7007 | Orc:1    | Reached skill level 13 in Axes
  7008 | Orc:1    | Reached XP level 13. HP: 57/85 MP: 15/17
  7210 | Orc:1    | Found a runed translucent gate.
  7210 | Orc:1    | Found a runed translucent gate.
  7210 | Orc:1    | Found a runed translucent gate.
  7211 | Orc:1    | Noticed brinewave's ghost (journeyman MiFi)
  7257 | Orc:1    | Noticed Fannar
  7265 | Orc:1    | Killed Fannar
  7298 | Orc:1    | Killed brinewave's ghost
  7368 | Orc:1    | Found Iqaoluiv's General Store.
  7370 | Orc:1    | Found Afeiwk's Specific Store.
  7436 | Orc:1    | Found Cxadaklo's Commerce Corner.
  7486 | Orc:2    | Entered Level 2 of the Orcish Mines
  7684 | Orc:1    | Bought a +0 crystal plate armour for 1280 gold pieces
  7838 | Orc:1    | HP: 2/86 [orc warrior/+0 long sword (5)]
  7989 | Orc:1    | HP: 2/86 [troll (3)]
  7990 | Orc:1    | Mangled by a troll

Illustrated notes

Levels and vault maps discovered:
D:1:      dpeg_arrival_pond, layout_basic, ebering_ecumenical_altar_ruins,
          serial_shops, nicolae_shop_back_alley_shop,
          nicolae_concentric_dashed_squares_wild
D:2:      layout_loops_corners, pf_guarded_unrand_delatra
D:3:      gammafunk_wand_slinger, layout_basic,
          mainiacjoe_overflow_cross_hatched
D:4:      layout_gridville, minmay_temple_entry_junction, uniq_menkaure,
          uniq_natasha
D:5:      layout_loops_ring, mainiacjoe_overflow_chevrons, zin_treasury,
          grunt_qazlal_sundering, portal_sewer_entry_c,
          serial_library_hellmonk_open_square, uniq_prince_ribbit1
D:6:      layout_rooms, mainiacjoe_overflow_24_doors, uniq_blork_the_orc,
          uniq_edmund, uniq_duvessa
D:7:      gammafunk_cloud_chamber, layout_basic,
          mainiacjoe_overflow_six_doors_small, hangedman_decor_riveting,
          uniq_jeremiah, uniq_maurice
D:8:      wander_guarded_unrand_ratskin, layout_basic, grunt_ministairs_14,
          nicolae_the_louvre
D:9:      layout_loops_corners, serial_shops, shop
D:10:     layout_stronghold, mainiacjoe_overflow_surrounded_room,
          enter_bailey_5, serial_shops, nicolae_shop_rolling_square,
          minmay_radiant
D:11:     layout_basic, erik_lair_island, serial_undead, serial_undead_b,
          serial_undead_c, serial_undead_a, serial_undead_c
D:12:     layout_basic, orc_0_dummy, uniq_erolcha
D:13:     layout_long_grid, ploomutoo_gammafunk_ghost_potion_laboratory
Temple:   eino_wide_crystal_templ
Orc:1:    layout_caves, ebering_ghost_rock_garden, nicolae_alphabet_shops,
          nicolae_orc_lava_tube, nicolae_specific_store, uniq_fannar
Orc:2:    st_orc_rangers, layout_caves, mines2_lemuel

Skill      XL: |  1  2  3  4  5  6  7  8  9 10 11 12 13 |
---------------+----------------------------------------+-----
Axes           | 3 4 5 6 7 9 10 12 13 | 13.5
Stealth        | 1 |  1.0
Armour         | 1 2 3 4 5 7 8 9 10 | 10.1
Fighting       | 4 5 7 8 9 10 11 12 | 12.0
Evocations     | 1 2 3 4 |  4.0
Throwing       | 2 |  2.0
Dodging        | 3 4 |  4.0
Invocations    | 6 8 |  8.1

Action                     |  1- 3 |  4- 6 |  7- 9 | 10-12 | 13-15 || total
---------------------------+-------+-------+-------+-------+-------++-------
  Melee: Hand axe          |    80 |    27 |       |       |       ||   107
         Broad axe         |       |    42 |       |   235 |   113 ||   390
         Mace              |       |       |   363 |    72 |       ||   435
         Short sword       |       |       |   134 |   241 |       ||   375
         Flail             |       |       |     4 |   154 |       ||   158
  Throw: Stone             |       |       |     6 |     9 |     5 ||    20
         Dart              |       |       |    13 |    52 |     1 ||    66
         Boomerang         |       |       |     2 |     4 |     4 ||    10
 Invoke: Divine Shield     |       |       |       |     1 |     1 ||     2
         Summon Divine War |       |       |       |       |     2 ||     2
  Evoke: Wand              |       |       |     1 |    17 |     4 ||    22
    Use: Potion            |       |       |     2 |     4 |       ||     6
         Scroll            |       |       |     7 |     3 |     9 ||    19
 Armour: Ring mail         |    47 |    53 |       |       |       ||   100
         Robe              |     1 |       |       |       |       ||     1
         Plate armour      |       |       |   604 |   852 |    89 ||  1545
         Crystal plate arm |       |       |       |       |   143 ||   143
  Dodge: Dodged            |    69 |    40 |   162 |   281 |    39 ||   591
